 Dungeon Crawl Stone Soup version 0.26-a0-606-g3c8f2f65f7 (webtiles) character file.

Game seed: 17401477718274376249

166 lotuseater the Ruffian (level 5, -9/45 HPs)
             Began as a Ghoul Monk on Sept 2, 2020.
             Mangled by a gnoll
             ... wielding a +0 spear
              (10 damage)
             ... on level 3 of the Dungeon.
             The game lasted 00:03:39 (3012 turns).

lotuseater the Ruffian (Ghoul Monk)                 Turns: 3012, Time: 00:03:40

Health: -9/45      AC:  3    Str: 16    XL:     5   Next: 47%
Magic:  4/4        EV: 12    Int:  5    God:
Gold:   206        SH:  0    Dex: 11    Spells: 4/4 levels left

rFire    . . .     SeeInvis .     - Unarmed
rCold    + . .     Faith    .   (no shield)
rNeg     + + +     Spirit   .   a - +0 robe
rPois    ∞         Reflect  .   j - +0 hat
rElec    .         Harm     .   (no cloak)
rCorr    .                      (no gloves)
MR       .....                  b - +0 pair of boots
Stlth    ++........             (no amulet)
HPRegen  0.00/turn              (no ring)
MPRegen  0.09/turn              (no ring)

@: no status effects
A: rotting body, claws 1, cold resistance 1, negative energy resistance 3,
inhibited regeneration, torment resistance, unbreathing
a: no special abilities


You were on level 3 of the Dungeon.
You visited 1 branch of the dungeon, and saw 3 of its levels.

You collected 206 gold pieces.

Inventory:

Armour
 a - a +0 robe (worn)
 b - a +0 pair of boots (worn)
 j - a +0 hat (worn)
Scrolls
 d - 5 scrolls of identify {unknown}
 e - a scroll of magic mapping {unknown}
 f - 2 scrolls of amnesia {unknown}
 h - 4 scrolls of teleportation {unknown}
Potions
 c - 2 potions of flight {unknown}
 g - a potion of curing {unknown}
 i - 2 potions of degeneration {unknown}
 k - a potion of mutation {unknown}
 l - a potion of berserk rage {unknown}
 m - a potion of stabbing {unknown}
 n - a potion of resistance {unknown}
 o - a potion of haste {unknown}


   Skills:
 - Level 3.2 Fighting
 - Level 2.6 Dodging
 - Level 2.1 Stealth
 + Level 6.6 Unarmed Combat


You had 4 spell levels left.
You didn't know any spells.
Your spell library contained the following spells:

 Spells                   Type           Power        Failure   Level
 Magic Dart               Conj           #...         47%         1
 Blink                    Tloc           N/A          63%         2
 Call Imp                 Summ           #.......     63%         2
 Slow                     Hex            #.......     63%         2
 Conjure Flame            Conj/Fire      #.......     85%         3
 Mephitic Cloud           Conj/Pois/Air  #.......     85%         3


Dungeon Overview and Level Annotations

Branches:
Dungeon (3/15)

Altars:
Fedhas
Gozag
Vehumet
Xom


Innate Abilities, Weirdness & Mutations

Your body is rotting away.
You thrive by killing the living.
You are immune to poison.
You have sharp fingernails.
Your flesh is cold resistant. (rC+)
You are immune to negative energy. (rN+++)
You do not regenerate when monsters are visible.
You are immune to unholy pain and torment.
You can survive without breathing.


Message History

You are too injured to fight recklessly!
You barely miss the gnoll.
The gnoll is almost dead.
The gnoll misses you. The gnoll barely misses you.
You closely miss the gnoll.
The gnoll is almost dead.
The gnoll hits you with a +0 club.
* * * LOW HITPOINT WARNING * * *
The gnoll misses you.
You scratch the gnoll.
You kill the gnoll!
You feel better.
The gnoll hits you from afar with a +0 spear!
* * * LOW HITPOINT WARNING * * *
An ogre comes into view. It is wielding a +0 giant spiked club.
The ogre shouts!
The gnoll hits you with a +0 spear!
* * * LOW HITPOINT WARNING * * *
The gnoll hits you from afar with a +0 spear!
You die...

...## #.#..'...'..#.#.#
#.###### ....#
#.##.#...#.##.#.# #(#
...##
#..####'####..#.####g#
#.##
##...#...#......))...#
#.#
###.##.##.)...)####.#
#.# #..###..#..### #.#
#.# ##.....##O.# #.#
#.# #####.##..# #..
#.#############.@...#
###
#............####.g.#
#.##########.#
#g..############ ###
##.## #..............#
§§#
##.#.###..###########.#
.§########.###.##..#
#.# §≈#.......##
##....# #.#
.≈####.###.###.##..#
#.# §≈# #.#
##.#.###..###### #.#


You could see 2 gnolls.

Vanquished Creatures
  An orc wizard (D:3)
  2 gnolls (D:3)
  5 adders
  A dart slug (D:1)
  A leopard gecko (D:3)
  5 orcs (D:3)
  A giant cockroach (D:3)
  11 goblins
  12 hobgoblins
  9 kobolds
  2 quokkas
  8 bats
  5 frilled lizards
  6 rats
69 creatures vanquished.

Vanquished Creatures (others)
  2 fungi (D:3)
  A plant (D:3)
3 creatures vanquished.

Grand Total: 72 creatures vanquished

Notes
Turn   | Place    | Note
-------+----------+-------------------------------------------
     0 | D:1      | lotuseater the Ghoul Monk began the quest for the Orb.
     0 | D:1      | Reached XP level 1. HP: 19/19 MP: 0/0
   259 | D:1      | Reached XP level 2. HP: 26/26 MP: 1/1
   278 | D:1      | Reached skill level 4 in Unarmed Combat
  1158 | D:2      | Reached XP level 3. HP: 29/31 MP: 2/2
  1548 | D:2      | Found an opulent altar of Gozag.
  1552 | D:2      | Found a shimmering altar of Xom.
  1838 | D:3      | Reached skill level 5 in Unarmed Combat
  1904 | D:3      | Reached XP level 4. HP: 36/38 MP: 3/3
  2311 | D:3      | Found a blossoming altar of Fedhas.
  2333 | D:3      | Found a radiant altar of Vehumet.
  2532 | D:3      | Reached skill level 6 in Unarmed Combat
  2578 | D:3      | Reached XP level 5. HP: 39/45 MP: 4/4
  3007 | D:3      | Noticed an ogre
  3011 | D:3      | HP: 1/45 [gnoll/+0 spear (8)]
  3012 | D:3      | Mangled by a gnoll

Illustrated notes

Levels and vault maps discovered:
D:1:      dpeg_arrival_refuge, layout_basic
D:2:      layout_basic, chequers_temple_overflow_statue_of_worship
D:3:      cheibrodos_greedy_goblins, layout_loops_ring, fiery_altar_vehumet,
          fedhas_altar_3, kennysheep_generic_room_7

Skill      XL: |  1  2  3  4 |
---------------+-------------+-----
Unarmed Combat | 4 5 6 |  6.6
Fighting       | |  3.2
Dodging        | |  2.6
Stealth        | |  2.1

Action                   |  1- 3 |  4- 6 || total
-------------------------+-------+-------++-------
Melee: Unarmed           |   100 |    86 ||   186
       Punch             |       |     1 ||     1
 Stab: Sleeping          |     9 |     3 ||    12
Armor: Robe              |    28 |    14 ||    42
Dodge: Dodged            |    51 |    44 ||    95

Table legend: (Time is in decaauts)
 A = Elapsed time spent in this place.
 B = Non-inter-level travel time spent in this place.
 C = Inter-level travel time spent in this place.
 D = Time resting spent in this place.
 E = Time spent auto-exploring this place.
 F = Levels seen in this place.
 G = Mean time per level.
                   A        B        C        D        E       F      G
               +--------+--------+--------+--------+--------+-----+--------+
         Total |   2993 |   2925 |     68 |    166 |   2287 |   3 |  997.7 |
       Dungeon |   2993 |   2925 |     68 |    166 |   2287 |   3 |  997.7 |
               +--------+--------+--------+--------+--------+-----+--------+

Top non-repeatable levels by time:
     D:3: 1186 daAuts
     D:1: 948 daAuts
     D:2: 858 daAuts
